 Dungeon Crawl Stone Soup version 0.31-a0-232-gb1c03b2570 (webtiles) character file.

Game seed: 12776746569913417399

415 qw the Shooter (level 6, -8/52 HPs)
             Began as a Minotaur Hexslinger on July 6, 2023.
             Mangled by an ogre
             ... wielding a +0 giant club
              (26 damage)
             ... on level 4 of the Dungeon.
             The game lasted 00:01:23 (2567 turns).

qw the Shooter (Minotaur Hexslinger)                Turns: 2567, Time: 00:01:23

Health: -8/52      AC:  5    Str: 13    XL:     6   Next: 60%
Magic:  6/6        EV: 16    Int: 10    God:
Gold:   104        SH:  5    Dex: 14    Spells: 6/7 levels left

rFire   . . .        Y - +2 sling
rCold   . . .        (no shield)
rNeg    . . .        n - +0 ring mail
rPois   .            (helmet restricted)
rElec   .            (no cloak)
rCorr   .            (no gloves)
SInv    .            (no boots)
Will    .....        l - amulet of reflection
Stlth   +            d - +5 ring of evasion
HPRegen 0.28/turn    (no ring)
MPRegen 0.10/turn

%: reflection
@: no status effects
A: horns 2, retaliatory headbutt, hooves 1
a: no special abilities


You were on level 4 of the Dungeon.
You visited 1 branch of the dungeon, and saw 4 of its levels.

You collected 194 gold pieces.
You spent 90 gold pieces at shops.


Innate Abilities, Weirdness & Mutations

You have a pair of horns on your head.
You reflexively headbutt those who attack you in melee.
You have large cloven feet.


   Skills:
 - Level 4.0 Fighting
 + Level 6.7 Ranged Weapons
 - Level 1.5 Armour
 - Level 2.1 Dodging
 - Level 1.0 Spellcasting
 - Level 2.0 Hexes


You had 6 spell levels left.
You knew the following spells:

 Your Spells              Type           Power      Damage    Failure   Level
a - Slow                  Hex            16%        N/A       32%         1

Your spell library contained the following spells:

 Spells                   Type           Power      Damage    Failure   Level
 Inner Flame              Hex/Fire       2%         N/A       82%         3
 Portal Projectile        Hex/Tloc       4%         N/A       82%         3
 Cause Fear               Hex            2%         N/A       97%         4

Inventory:

Hand Weapons
 Y - a +2 sling (weapon)
Armour
 f - a +3 leather armour
 n - a +0 ring mail (worn)
Jewellery
 b - a ring of ice
 d - a +5 ring of evasion (left hand)
 l - an amulet of reflection (around neck)
Scrolls
 m - a scroll of identify
Potions
 a - a potion of mutation
 c - a potion of attraction {unknown}
 e - a potion of cancellation
 h - a potion of resistance {unknown}
 i - a potion of enlightenment
 j - a potion of might
 k - a potion of brilliance {unknown}

Dungeon Overview and Level Annotations

Branches:
Dungeon (4/15)
 Temple: D:4-7

Altars:
Makhleb

Shops:
D:3 !   D:4 *


Message History

You block the adder's attack.
You shoot a sling bullet.
The sling bullet hits the adder but does no damage.
The adder is lightly wounded.
You block the adder's attack. The ogre closely misses you.
The adder barely misses you.
You shoot a sling bullet.
The sling bullet hits the adder but does no damage.
The adder is lightly wounded.
The adder barely misses you. The ogre barely misses you.
You shoot a sling bullet. The sling bullet hits the adder.
The adder is heavily wounded.
The adder barely misses you. The adder misses you.
You shoot a sling bullet. The sling bullet hits the adder.
The adder is almost dead.
The ogre hits you with a +0 giant club!!
The adder bites you but does no damage.
You shoot a sling bullet. The sling bullet hits the adder.
The adder is almost dead.
You block the adder's attack. The ogre hits you with a +0 giant club.
The adder closely misses you.
You shoot a sling bullet.
The sling bullet closely misses the adder.
The adder bites you but does no damage. You block the ogre's attack.
You shoot a sling bullet. The sling bullet hits the adder.
You kill the adder!
The ogre hits you with a +0 giant club.
You shoot a sling bullet. The sling bullet hits the ogre.
The ogre is lightly wounded.
You shoot a sling bullet. The sling bullet hits the ogre.
The ogre is lightly wounded.
The ogre barely misses you.
You shoot a sling bullet. The sling bullet hits the ogre.
The ogre is moderately wounded.
The ogre closely misses you.
You shoot a sling bullet.
The sling bullet barely misses the ogre.
The ogre hits you with a +0 giant club!!
Ouch! That really hurt!
You die...

#.#....##...##.#
...##...##)%.# #
.##
##.###)\.##.##...
#.##............
#..##...##......
##......## ##...
#........# .
###O....##.
#)@.......#
......)).##.#..#
...##[#...###.##
. ###..## . #..#
.. .... ....
....#


You could see an ogre.

Vanquished Creatures
  A phantom (D:3)
  A hound (D:3)
  A jelly (D:4)
  An orc priest (D:3)
  An orc wizard (D:4)
  7 gnolls (D:2)
  4 adders
  A white imp (D:4)
  A worm (D:2)
  A dart slug (D:2)
  12 orcs
  9 bats
  6 endoplasms
  3 giant cockroaches
  8 goblins
  4 hobgoblins
  8 jackals
  8 kobolds
  8 quokkas
  7 ball pythons
  4 frilled lizards
  2 rats (D:3)
98 creatures vanquished.

Notes
Turn   | Place    | Note
-------+----------+-------------------------------------------
     0 | D:1      | qw the Minotaur Hexslinger began the quest for the Orb.
     0 | D:1      | Reached XP level 1. HP: 16/16 MP: 1/1
     0 | D:1      | 0 ||| qw: Version: 0.3-a-46-gb1f654a
     0 | D:1      | 0 ||| qw: Game counter: 1987
     0 | D:1      | 0 ||| qw: Melee chars always use a shield: true
     0 | D:1      | 0 ||| qw: God list: Okawaru
     0 | D:1      | 0 ||| qw: Allow faded altars: false
     0 | D:1      | 0 ||| qw: Do Orc after clearing Dungeon:15 true
     0 | D:1      | 0 ||| qw: Do second Lair branch before Depths: true
     0 | D:1      | 0 ||| qw: Lair rune preference: random
     0 | D:1      | 0 ||| qw: Goals: Normal
     0 | D:1      | 0 ||| PLANNING D:1-11
    12 | D:1      | You fall into a shaft and drop 1 floor!
    45 | D:2      | 45 ||| UPGRADING to +0 leather armour.
    46 | D:2      | 46 ||| FLEEEEING.
    52 | D:2      | 52 ||| STAIRDANCE
    54 | D:1      | 54 ||| UPGRADING to +0 leather armour.
    64 | D:1      | 64 ||| DROPPING +0 robe.
    86 | D:1      | Reached skill level 3 in Ranged Weapons
    86 | D:1      | Reached XP level 2. HP: 9/23 MP: 2/2
   421 | D:1      | Reached XP level 3. HP: 29/29 MP: 3/3
   469 | D:1      | 469 ||| FLEEEEING.
   474 | D:1      | 474 ||| FLEEEEING.
   475 | D:1      | 475 ||| FLEEEEING.
   476 | D:1      | 476 ||| FLEEEEING.
   477 | D:1      | 477 ||| FLEEEEING.
   753 | D:1      | 753 ||| UPGRADING to +5 ring of evasion.
   754 | D:1      | 754 ||| READING scroll labelled MELEKKU HEOTT.
   755 | D:1      | 755 ||| READING scroll labelled BUPHAEWOIM.
   756 | D:1      | 756 ||| READING scroll labelled WOSAHE QOBUYX.
   757 | D:1      | 757 ||| DRINKING 2 viscous brown potions.
   758 | D:1      | 758 ||| DROPPING scroll of poison.
   790 | D:2      | Reached skill level 4 in Ranged Weapons
   850 | D:2      | HP: 6/29 [gnoll/+0 spear (9)]
   851 | D:2      | Reached XP level 4. HP: 7/36 MP: 4/4
  1192 | D:2      | Reached skill level 5 in Ranged Weapons
  1239 | D:2      | Found a burning altar of Makhleb.
  1303 | D:2      | Reached skill level 3 in Fighting
  1308 | D:2      | Reached XP level 5. HP: 24/45 MP: 5/5
  1553 | D:2      | 1553 ||| READING scroll labelled RANI ANIOH.
  1557 | D:2      | 1557 ||| READING scroll labelled GUEGUH IFAETAZ.
  1636 | D:3      | Found Fyfyrit's Distillery.
  1644 | D:3      | 1644 ||| BUYING potion of enlightenment (50 gold).
  1644 | D:3      | Bought a potion of enlightenment for 50 gold pieces
  1644 | D:3      | 1644 ||| SHOPLISTING potion of haste (100 gold, have 76).
  1644 | D:3      | 1644 ||| BUYING potion of might (40 gold).
  1644 | D:3      | Bought a potion of might for 40 gold pieces
  1644 | D:3      | 1644 ||| SHOPLISTING potion of mutation (80 gold, have 36).
  1883 | D:3      | Noticed a phantom
  1899 | D:3      | Killed a phantom
  1900 | D:3      | Reached skill level 6 in Ranged Weapons
  1900 | D:3      | Reached XP level 6. HP: 36/51 MP: 6/6
  2160 | D:3      | Found a faded altar of an unknown god.
  2282 | D:3      | 2282 ||| UPGRADING to +0 ring mail.
  2292 | D:3      | 2292 ||| DROPPING +0 leather armour.
  2293 | D:3      | 2293 ||| UPGRADING to amulet of reflection.
  2298 | D:3      | 2298 ||| READING scroll labelled ITSOUCVUVONN.
  2299 | D:3      | 2299 ||| DRINKING 2 sapphire potions.
  2299 | D:3      | Gained mutation: You occasionally lose the ability to read
                  | scrolls when taking damage. [potion of mutation]
  2299 | D:3      | Gained mutation: You have large cloven feet. [potion of
                  | mutation]
  2299 | D:3      | Lost mutation: You occasionally lose the ability to read
                  | scrolls when taking damage. [potion of mutation]
  2334 | D:4      | 2334 ||| STAIRDANCE
  2339 | D:3      | Reached skill level 1 in Armour
  2434 | D:4      | Found Seviodi's General Store.
  2462 | D:4      | 2462 ||| SHOPLISTING +3 orcbow of flaming (326 gold, have
                  | 104).
  2462 | D:4      | 2462 ||| SHOPLISTING ring of see invisible (210 gold, have
                  | 104).
  2462 | D:4      | 2462 ||| SHOPLISTING scroll of enchant weapon (105 gold,
                  | have 104).
  2567 | D:4      | Mangled by an ogre

Levels and vault maps discovered:
D:1:      tekkud_arrival_beachfront_property, layout_basic, serial_forest,
          infiniplex_forest_zigzag_1, infiniplex_forest_clump_small,
          infiniplex_forest_clump_cross, infiniplex_forest_join,
          infiniplex_forest_lined_2, infiniplex_forest_clump_curved
D:2:      minmay_razor_zed, layout_rooms, basic_altar
D:3:      layout_basic, shapermc_ecumenical_altar_ellora, serial_shops,
          nicolae_shop_industrial_runoff, minmay_pentangle
D:4:      layout_cave_pools, serial_shops, shop

Skill      XL: |  1  2  3  4  5  6 |
---------------+-------------------+-----
Ranged Weapons | 3 4 5 6 |  6.7
Fighting       | 2 3 4 |  4.0
Armour         | 1 |  1.5
Dodging        | |  2.1
Spellcasting   | |  1.0
Hexes          | |  2.0

Action                     |  1- 3 |  4- 6 || total
---------------------------+-------+-------++-------
   Fire: Sling             |   123 |   239 ||   362
    Use: Scroll            |     3 |     3 ||     6
         Potion            |     1 |     1 ||     2
 Armour: Leather armour    |    15 |    18 ||    33
         Ring mail         |       |    17 ||    17
  Dodge: Dodged            |    47 |   141 ||   188
  Block: Other             |       |    13 ||    13

Table legend:
 A = Non-vault XP
 B = Vault XP
 C = Vault XP percentage of total XP
 D = Non-vault monster count
 E = Vault monster count
 F = Vault count percentage of total count
                 A         B        C        D         E       F
            +---------+---------+-------+---------+---------+-------
      Total |     549 |      44 |   7.4 |      74 |      24 |  24.5
            +---------+---------+-------+---------+---------+-------
        D:1 |      56 |       0 |   0.0 |      30 |       0 |   0.0
        D:2 |     124 |      31 |  20.0 |      15 |      16 |  51.6
        D:3 |     228 |      13 |   5.4 |      11 |       8 |  42.1
        D:4 |     141 |       0 |   0.0 |      18 |       0 |   0.0
            +---------+---------+-------+---------+---------+-------
